 Dungeon Crawl Stone Soup version 0.28.0-43-g3370ac3207 (webtiles) character file.

Game seed: 7909104847949033741

47 jclain the Sneak (level 3, -3/24 HPs)
             Began as an Octopode Brigand on Mar 6, 2022.
             Killed from afar by Sigmund (10 damage)
             ... with a magic dart
             ... on level 2 of the Dungeon.
             The game lasted 00:12:48 (1498 turns).

jclain the Sneak (Octopode Brigand)                 Turns: 1498, Time: 00:12:48

Health: -3/24      AC:  1    Str: 12    XL:     3   Next: 70%
Magic:  3/3        EV: 27    Int: 13    God:
Gold:   40         SH:  0    Dex: 13    Spells: 2/2 levels left

rFire   . . .      SeeInvis .   a - +2 dagger
rCold   . . .      Faith    .   (no shield)
rNeg    . . .      Spirit   .   (helmet restricted)
rPois   .          Reflect  .   g - amulet of the acrobat
rElec   .          Harm     .   (no ring)
rCorr   .          Rampage  .   (no ring)
Will    .....                   (no ring)
Stlth   ++++......              (no ring)
HPRegen 0.08/turn               (no ring)
MPRegen 0.08/turn               (no ring)
                                (no ring)
                                (no ring)

@: acrobatic
A: almost no armour, amphibious, 8 rings, camouflage 1, gelatinous body 1,
(nimble swimmer 1), tentacles
a: no special abilities


You were on level 2 of the Dungeon.
You visited 1 branch of the dungeon, and saw 2 of its levels.

You collected 40 gold pieces.

Inventory:

Hand Weapons
 a - a +2 dagger (weapon)
 b - a +0 hunting sling
Missiles
 k - 7 stones (quivered)
Jewellery
 g - an amulet of the acrobat (around mantle)
Wands
 j - a wand of mindburst (9)
Scrolls
 e - a scroll of enchant weapon {unknown}
 h - a scroll of brand weapon {unknown}
 i - a scroll of teleportation {unknown}
Potions
 d - a potion of curing {unknown}


   Skills:
 + Level 2.0 Fighting
 + Level 2.3 Short Blades
 + Level 2.7 Throwing
 + Level 1.0 Dodging
 + Level 6.3 Stealth


You had 2 spell levels left.
You didn't know any spells.
Your spell library contained the following spells:

 Spells                   Type           Power      Damage    Failure   Level
 Foxfire                  Conj/Fire      0%         2x1d4     30%         1
 Conjure Flame            Conj/Fire      0%         6-21      67%         3
 Gell's Gravitas          Tloc           0%         N/A       67%         3
 Inner Flame              Hex/Fire       0%         N/A       67%         3
 Lesser Beckoning         Tloc           0%         N/A       67%         3
 Teleport Other           Tloc           0%         N/A       67%         3
 Flame Wave               Conj/Fire      0%         2d4       97%         4


Dungeon Overview and Level Annotations

Branches:
Dungeon (2/15)

Altars:

Annotations:
D:2 Sigmund


Innate Abilities, Weirdness & Mutations

You cannot wear most types of armour.
You are amphibious.
You can wear up to eight rings at the same time.
Your skin changes colour to match your surroundings (Stealth+).
Your rubbery body absorbs attacks. (AC +1, EV +1)
((You are camouflaged when in or above water. (Stealth+)))
You have tentacles for arms and can constrict up to eight enemies at once.


Message History

Aim: Sigmund, wielding a +3 scythe of protection and wearing a +0 robe (poisoned, 55% to hit)
You throw a poisoned dart.
The poisoned dart closely misses Sigmund.
Sigmund gestures at you while chanting. The magic dart hits you!
Throw: 2 darts (curare)
Press: ? - help, Q - select action, (/) - cycle Shift-Dir - straight line, f/p - Sigmund
Aim: Sigmund, wielding a +3 scythe of protection and wearing a +0 robe (lightly wounded, poisoned, 55% to hit)
You throw a curare-tipped dart.
The curare-tipped dart closely misses Sigmund.
Throw: dart (curare)
Press: ? - help, Q - select action, (/) - cycle Shift-Dir - straight line, f/p - Sigmund
Aim: Sigmund, wielding a +3 scythe of protection and wearing a +0 robe (lightly wounded, poisoned, 55% to hit)
You throw a curare-tipped dart. The curare-tipped dart hits Sigmund.
Sigmund looks even sicker.
Sigmund convulses.
Sigmund seems to slow down.
Sigmund is moderately wounded.
Sigmund casts a spell at you. The puff of flame misses you.
You start resting.
Sigmund is nearby!
You start resting.
Sigmund is nearby!
Throw: 9 stones
Press: ? - help, Q - select action, (/) - cycle Shift-Dir - straight line, f/p - Sigmund
Aim: Sigmund, wielding a +3 scythe of protection and wearing a +0 robe (severely wounded, poisoned, slow, 55% to hit)
You throw a stone. The stone closely misses Sigmund.
Throw: 8 stones
Press: ? - help, Q - select action, (/) - cycle Shift-Dir - straight line, f/p - Sigmund
Aim: Sigmund, wielding a +3 scythe of protection and wearing a +0 robe (severely wounded, poisoned, slow, 55% to hit)
You throw a stone.
The stone hits Sigmund but does no damage.
Sigmund is severely wounded.
Sigmund hits you from afar with a +3 scythe of protection!
* * * LOW HITPOINT WARNING * * *
Sigmund looks more healthy.
Sigmund is no longer moving slowly.
Sigmund casts a spell at you. The magic dart hits you!
You die...

.........#......##
####.....#.#.#...#
#.......#.....#.#
##.#.....#.##..#.#
...............#)##
.#.#....##)###.#..#
........##.###..#.#
.#.#............#.###########
.............^..@...........#
##..........................#
#########+##............)..#
##.##...............#
..........@.........#
........†...........#
............(#########
###+#......)..# #..(.###..##


You could see Sigmund.

Vanquished Creatures
  An adder (D:2)
  A dart slug (D:1)
  4 ball pythons
  5 endoplasms
  7 goblins
  4 hobgoblins
  A kobold (D:1)
  2 quokkas (D:1)
  4 bats
  2 frilled lizards
  2 rats
33 creatures vanquished.

Notes
Turn   | Place    | Note
-------+----------+-------------------------------------------
     0 | D:1      | jclain the Octopode Brigand began the quest for the Orb.
     0 | D:1      | Reached XP level 1. HP: 14/14 MP: 1/1
   215 | D:1      | Reached XP level 2. HP: 19/19 MP: 2/2
   312 | D:1      | Reached skill level 6 in Stealth
   732 | D:1      | Reached XP level 3. HP: 22/24 MP: 3/3
  1471 | D:2      | Noticed Sigmund
  1498 | D:2      | Killed from afar by Sigmund

Illustrated notes

Levels and vault maps discovered:
D:1:      kilobyte_arrival_exit_the_forest, layout_loops_ring
D:2:      layout_basic, serial_glass, glass_columns_a, glass_columns_a,
          uniq_sigmund

Skill      XL: |  1  2 |
---------------+-------+-----
Stealth        | 6 |  6.3
Fighting       | |  2.0
Short Blades   | |  2.3
Throwing       | |  2.7
Dodging        | |  1.0

Action                   || total
-------------------------++-------
Melee: Dagger            ||    36
       Constrict         ||    12
       Tentacles         ||     5
       Punch             ||     1
Throw: Dart              ||    86
       Stone             ||     2
 Stab: Sleeping          ||     1
Armor: Skin              ||     4
Dodge: Dodged            ||    28
